 Dungeon Crawl Stone Soup version 0.21-a0-528-gf531e82 (webtiles) character file.

201 Gerstahl the Skirmisher (level 5, -3/35 HPs)
             Began as a Gargoyle Monk on Dec 8, 2017.
             Slain by an orc (4 damage)
             ... on level 4 of the Dungeon.
             The game lasted 00:04:05 (2795 turns).

Gerstahl the Skirmisher (Gargoyle Monk)             Turns: 2795, Time: 00:04:06

Health: -3/35      AC:  6    Str: 14    XL:     5   Next: 79%
Magic:  5/5        EV: 13    Int: 11    God:
Gold:   175        SH:  0    Dex: 13    Spells: 4/4 levels left

rFire    . . .     SeeInvis .   a - +0 falchion
rCold    . . .     Gourm    .   (no shield)
rNeg     + . .     Faith    .   b - +0 robe
rPois    ∞         Spirit   .   (no helmet)
rElec    +         Reflect  .   (no cloak)
rCorr    .         Harm     .   (no gloves)
MR       .....                  (no boots)
Stlth    ++........             (no amulet)
HPRegen  0.11/turn              (no ring)
MPRegen  0.09/turn              (no ring)

@: no status effects
A: negative energy resistance 1, electricity resistance, unbreathing,
petrification resistance, rot immunity, AC +4
a: no special abilities


You were on level 4 of the Dungeon.
You were near starving.

You visited 2 branches of the dungeon, and saw 5 of its levels.

You collected 175 gold pieces.

Inventory:

Hand Weapons
 a - a +0 falchion (weapon)
Armour
 b - a +0 robe (worn)
Jewellery
 l - an uncursed amulet of regeneration {unknown}
Scrolls
 d - a scroll of immolation {unknown}
 g - 5 scrolls of remove curse {unknown}
 k - 3 scrolls of teleportation {unknown}
 m - 2 scrolls of identify {unknown}
 n - a scroll of random uselessness {unknown}
 o - 2 scrolls of amnesia {unknown}
 q - a scroll of blinking {unknown}
Potions
 e - a potion of haste {unknown}
 f - a potion of degeneration {unknown}
 h - 2 potions of heal wounds {unknown}
 i - a potion of invisibility {unknown}
 j - a potion of lignification {unknown}
 s - a potion of might {unknown}
 t - a potion of ambrosia {unknown}
Comestibles
 p - a meat ration
 r - 2 bread rations


   Skills:
 + Level 5.4 Fighting
 + Level 4.4 Long Blades
 - Level 2.4 Dodging
 - Level 2.1 Stealth


You had 4 spell levels left.
You didn't know any spells.

Dungeon Overview and Level Annotations

Branches:
Dungeon (4/15)             Temple (1/1) D:4

Altars:
Ashenzari
Cheibriados
Elyvilon
Fedhas
Gozag
Hepliaklqana
Kikubaaqudgha
Okawaru
Qazlal
Sif Muna
Uskayaw
Wu Jian
Xom
Yredelemnul
The Shining One

Shops:
D:4 !


Innate Abilities, Weirdness & Mutations

You are resistant to torment.
Your stone body is resilient. (AC +4)
You are immune to poison.
You resist negative energy. (rN+)
You are resistant to electric shocks. (rElec)
You can survive without breathing.
You are immune to petrification.
You are immune to rotting.


Message History

The orc priest is severely wounded.
The orc hits you with a whip.
* * * LOW HITPOINT WARNING * * *
The orc priest invokes the aid of Beogh against you.
Pain shoots through your body!
* * * LOW HITPOINT WARNING * * *
You hit the orc priest.
The orc priest is almost dead.
The orc barely misses you.
You riposte.
You closely miss the orc. The orc priest barely misses you.
You riposte.
You slash the orc priest!
You kill the orc priest!
You hit the orc.
The orc is lightly wounded.
The orc misses you. The orc hits you with a whip.
* * * LOW HITPOINT WARNING * * *
You hit the orc.
The orc is severely wounded.
The orc barely misses you. The orc hits you but does no damage.
The orc hits you.
You die...

#.).... #.....# ...# #.....#
#.....# #....# #.....# #.....#
#....# #.....# #.....####....#
#.....# #.............# . #.....#
##+###........# #. #....o#
#...#........# #. ##..o.o#
#...#........#####. ......o#
#.@o#.............. ...>...#
####o#..............
......o#######...................
....(.....oo.....................
..........o................###'#.
..###+#............##'######...#.
.. #.......#+####.......+...#. .
#.......#...........######.
#.......#...........##...#.


You could see 2 orcs.

Vanquished Creatures
  An orc priest (D:4)
  A bullfrog skeleton (D:4)
  An orc wizard (D:2)
  A worker ant (D:4)
  An adder (D:2)
  A shadow imp (D:3)
  An adder skeleton (D:4)
  3 dart slugs
  4 leopard geckos
  8 orcs
  8 bats
  2 giant cockroaches
  7 goblins
  6 hobgoblins
  3 jackals (D:3)
  3 quokkas (D:2)
  A frilled lizard (D:2)
  4 kobolds
  4 rats
60 creatures vanquished.

Notes
Turn   | Place    | Note
-------+----------+-------------------------------------------
     0 | D:1      | Gerstahl the Gargoyle Monk began the quest for the Orb.
     0 | D:1      | Reached XP level 1. HP: 14/14 MP: 1/1
   113 | D:1      | Reached XP level 2. HP: 19/19 MP: 2/2
   529 | D:1      | Reached XP level 3. HP: 24/24 MP: 3/3
   538 | D:1      | Reached skill level 4 in Fighting
   823 | D:2      | Found a stormy altar of Qazlal.
   824 | D:2      | Noticed a water elemental
   827 | D:2      | Noticed a fire elemental
   827 | D:2      | Noticed an earth elemental
   827 | D:2      | Noticed an air elemental
  1086 | D:2      | Reached XP level 4. HP: 25/30 MP: 4/4
  2067 | D:4      | Reached skill level 5 in Fighting
  2067 | D:4      | Reached XP level 5. HP: 17/35 MP: 5/5
  2351 | D:4      | Found a staircase to the Ecumenical Temple.
  2373 | Temple   | Entered the Ecumenical Temple
  2608 | D:4      | Found Vuegruo's Distillery.
  2789 | D:4      | HP: 1/35 [orc/whip (3)]
  2794 | D:4      | HP: 1/35 [orc/whip (1)]
  2795 | D:4      | Slain by an orc

Vault maps used:
D:1:      dpeg_arrival_rooms_a
D:2:      nicolae_qazlal_style_of_elements, glass_columns_a
D:4:      minmay_temple_entry_overgrown, first_bread, serial_shops, shop,
          led_sif_pool
Temple:   dpeg_chambers_temple

Skill      XL: |  1  2  3  4 |
---------------+-------------+-----
Long Blades    | 3 4 |  4.4
Fighting       | 4 5 |  5.4
Dodging        | |  2.4
Stealth        | |  2.1

Action                   |  1- 3 |  4- 6 || total
-------------------------+-------+-------++-------
Melee: Falchion          |   108 |   118 ||   226
  Use: Potion            |       |     2 ||     2
 Stab: Sleeping          |     3 |     3 ||     6
  Eat: Bread ration      |       |     1 ||     1
Armor: Robe              |    44 |    35 ||    79
Dodge: Dodged            |    83 |    72 ||   155
       Rpst.: Falchion   |    31 |    24 ||    55

Table legend:
 A = Spawn XP
 B = Non-spawn XP
 C = Spawn XP percentage of total XP
 D = Spawn monster count
 E = Non-spawn monster count
 F = Spawn count percentage of total count
 G = Total turns spent on level
                    A         B        C        D         E        F      G
               +---------+---------+-------+---------+---------+-------+---------
         Total |       0 |     288 |   0.0 |       0 |      60 |   0.0 |  2795
               +---------+---------+-------+---------+---------+-------+---------
           D:1 |       0 |      36 |   0.0 |       0 |      21 |   0.0 |   654
           D:2 |       0 |      94 |   0.0 |       0 |      23 |   0.0 |   983
           D:3 |       0 |      26 |   0.0 |       0 |       7 |   0.0 |   408
           D:4 |       0 |     132 |   0.0 |       0 |       9 |   0.0 |   537
               +---------+---------+-------+---------+---------+-------+---------
